 Dungeon Crawl Stone Soup version 0.27.1-2-g3b301248ec (webtiles) character file.

Game seed: 13422388308336013719

1383 Rickety the Stinger (level 8, -1/87 HPs)
             Began as a Gnoll Venom Mage on Sept 25, 2021.
             Slain by Duvessa (11 damage)
             ... on level 5 of the Dungeon.
             The game lasted 00:14:39 (5552 turns).

Rickety the Stinger (Gnoll Venom Mage)              Turns: 5552, Time: 00:14:40

Health: -1/87      AC: 24    Str:  8    XL:     8   Next: 67%
Magic:  17/17      EV:  2    Int: 16    God:
Gold:   269        SH:  7    Dex: 19    Spells: 11/19 levels left

rFire    + . .     SeeInvis .   a - +0 dagger
rCold    . . .     Faith    .   k - +2 buckler
rNeg     + + +     Spirit   .   (armour currently unavailable)
rPois    +         Reflect  .   (helmet currently unavailable)
rElec    .         Harm     .   (cloak currently unavailable)
rCorr    .         Rampage  .   (gloves currently unavailable)
Will     .....     NoTele   +   (boots currently unavailable)
Stlth    +++.......             (no amulet)
HPRegen  0.24/turn              i - +6 ring of dexterity
MPRegen  0.15/turn              l - ring of protection from fire

@: tree-form
A: stationary, stasis, torment immunity, boosted hp, (fangs 1), strong nose,
distributed training
a: no special abilities


You were on level 5 of the Dungeon.
You were a tree.
You visited 1 branch of the dungeon, and saw 6 of its levels.
You also visited: Sewer.

You collected 269 gold pieces.

Inventory:

Hand Weapons
 a - a +0 dagger (weapon)
 b - a +0 broad axe
 c - a +0 falchion of holy wrath
Missiles
 s - 27 poisoned darts
Armour
 d - a +0 helmet (melded)
 k - a +2 buckler (worn)
 r - a +0 troll leather armour (melded) {Purgy}
 w - a +0 cloak (melded)
Magical Staves
 m - a staff of earth
Jewellery
 i - a +6 ring of dexterity (left branch)
 l - a ring of protection from fire (right branch)
Wands
 p - a wand of polymorph (5)
 y - a wand of acid (3)
Scrolls
 f - 6 scrolls of identify {unknown}
 g - a scroll of silence {unknown}
 j - 5 scrolls of teleportation {unknown}
 o - 2 scrolls of blinking {unknown}
 t - a scroll of enchant weapon {unknown}
 u - a scroll of amnesia {unknown}
Potions
 h - a potion of berserk rage {unknown}
 n - a potion of degeneration {unknown}
 q - a potion of cancellation {unknown}
 v - a potion of brilliance {unknown}
 x - a potion of curing {unknown}
 z - a potion of mutation {unknown}


   Skills:
 + Level 3.4 Fighting
 + Level 3.4 Short Blades
 + Level 3.4 Long Blades
 + Level 3.4 Axes
 + Level 3.4 Maces & Flails
 + Level 3.4 Polearms
 + Level 3.4 Staves
 + Level 3.4 Slings
 + Level 3.4 Bows
 + Level 3.4 Crossbows
 + Level 3.4 Throwing
 + Level 3.4 Armour
 + Level 5.8 Dodging
 + Level 5.5 Stealth
 + Level 3.4 Shields
 + Level 3.4 Unarmed Combat
 + Level 6.1 Spellcasting
 + Level 2.8 Conjurations
 + Level 2.8 Hexes
 + Level 2.8 Summonings
 + Level 2.8 Necromancy
 + Level 2.8 Translocations
 + Level 3.6 Transmutations
 + Level 2.8 Fire Magic
 + Level 2.8 Ice Magic
 + Level 2.8 Air Magic
 + Level 2.8 Earth Magic
 + Level 6.2 Poison Magic
 + Level 3.8 Invocations
 + Level 3.4 Evocations


You had 11 spell levels left.
You knew the following spells:

 Your Spells              Type           Power      Damage    Failure   Level
a - Sting                 Tmut/Pois      80%        1d7       1%          1
l - Blink                 Tloc           N/A        N/A       7%          2
m - Mephitic Cloud        Conj/Pois/Air  17%        N/A       9%          3
v - Poisonous Vapours     Pois/Air       38%        N/A       3%          2

Your spell library contained the following spells:

 Spells                   Type           Power      Damage    Failure   Level
 Sandblast                Erth           28%        2d8       4%          1
 Wereblood                Tmut           16%        N/A       4%          2
 Passwall                 Tmut/Erth      12%        N/A       6%          2
 Sublimation of Blood     Necr           7%         N/A       7%          2
 Olgreb's Toxic Radiance  Pois           24%        N/A       11%         4
 Frozen Ramparts          Ice            28%        1d4       14%         3
 Inner Flame              Hex/Fire       14%        N/A       14%         3
 Lesser Beckoning         Tloc           7%         N/A       14%         3
 Ice Form                 Ice/Tmut       15%        N/A       36%         4
 Cause Fear               Hex            7%         N/A       41%         4
 Summon Ice Beast         Ice/Summ       14%        N/A       41%         4
 Lee's Rapid Deconstruct  Erth           7%         3d7*      77%         5
 Manifold Assault         Tloc           14%        N/A       77%         5
 Summon Hydra             Summ           7%         N/A       100%        7
 Borgnjor's Revivificati  Necr           7%         N/A       100%        8
 Discord                  Hex            7%         N/A       100%        8
 Necromutation            Tmut/Necr      7%         N/A       100%        8
 Death's Door             Necr           7%         N/A       100%        9


Dungeon Overview and Level Annotations

Branches:
Dungeon (6/15)              Sewer (visited)
 Temple: D:4-7

Altars:
Nemelex Xobeh
Uskayaw

Shops:
D:4 *

Annotations:
D:3 2 transporters
D:5 Duvessa


Innate Abilities, Weirdness & Mutations

You are a tree.
Your roots penetrate the ground, keeping you stationary.
You cannot be teleported.
You are immune to unholy pain and torment.
Your maximum health is greatly increased.
Your equipment is partially melded.
((You have very sharp teeth.))
Your uncanny sense of smell can sniff out nearby items.
Your experience applies equally to all skills.


Message History

You impale Dowan!!
You kill Dowan!
Duvessa weeps, then rights herself and shakes her weapon.
Duvessa goes berserk!
The black bear growls angrily.
You hear a howl!
There is a stone staircase leading up here.
Duvessa hits you with a +4 short sword of speed!
Duvessa hits you but does no damage.
You climb upwards.
There is a stone staircase leading down here.
Duvessa barely misses you.
Duvessa hits you with a +4 short sword of speed!
You block Duvessa's attack.
There is a stone staircase leading up here.
Duvessa barely misses you.
Aiming: Sting (safe; 2% risk of failure)
Press: ? - help, Q - select action, (/) - cycle Shift-Dir - straight line, f - Duvessa
Aim: Duvessa, wielding a +4 short sword of speed and wearing a +0 leather armour (berserk, 79% to hit)
The sting hits Duvessa but does no damage.
Duvessa is poisoned.
You block Duvessa's attack.
Duvessa hits you with a +4 short sword of speed.
Duvessa rages.
Duvessa closely misses you.
Duvessa hits you with a +4 short sword of speed.
Duvessa rages.
Duvessa hits you with a +4 short sword of speed!
Duvessa rages.
Duvessa hits you with a +4 short sword of speed!
* * * LOW HITPOINT WARNING * * *
Duvessa looks more healthy.
Duvessa hits you with a +4 short sword of speed!
* * * LOW HITPOINT WARNING * * *
It was a potion of lignification.
You turn into a tree.
Your +0 cloak melds into your body.
Your +0 helmet melds into your body.
Your +0 troll leather armour {Purgy} melds into your body.
Your roots penetrate the ground.
Duvessa hits you with a +4 short sword of speed!
You die...

####..### ####.# #..........#
#..# #.# ##...>......# #..####
#.####..<#.......# ## #.....#
###......#.#########
.###.###.#####...##..##.#
..##(###...##..#..(..##.#
#.....####..............#
####.).# #.......e....###
#...####.....♣.....### ##
##...####..####.##...## ####.
#......##..###.###...####....
###.##......##.# ##..##......
###.##..###.##.# ##.##......
#...(.......##.# #...[.....
#.#..####....#.#####......... ##
#.##.## ###....#.............
.####.##..####.......###..##.....


You could see Duvessa (berserk).

Vanquished Creatures
  Sigmund (D:4)
  Eustachio (D:4)
  A black bear (D:4)
  Purgy (Sewer)
  An ogre (D:5)
  A necrophage (D:5)
  2 centaurs
  A bullfrog (D:5)
  A water moccasin zombie (D:5)
  Dowan (D:6)
  2 hounds (D:4)
  2 centaur skeletons
  2 orc priests
  A bullfrog skeleton (D:5)
  A hound skeleton (D:5)
  10 adders
  An ufetubus (D:4)
  3 worms
  2 dart slugs (D:4)
  10 orcs
  4 ball pythons
  4 bats
  2 endoplasms (D:4)
  2 giant cockroaches
  9 goblins
  11 hobgoblins
  2 jackals (D:1)
  11 kobolds
  6 quokkas (D:4)
  3 rats (D:1)
99 creatures vanquished.

Notes
Turn   | Place    | Note
-------+----------+-------------------------------------------
     0 | D:1      | Rickety the Gnoll Venom Mage began the quest for the Orb.
     0 | D:1      | Reached XP level 1. HP: 13/13 MP: 6/6
   229 | D:1      | Reached XP level 2. HP: 19/19 MP: 5/7
   245 | D:1      | Learned a level 2 spell: Poisonous Vapours
  1187 | D:1      | Reached XP level 3. HP: 25/25 MP: 6/9
  1191 | D:1      | Learned a level 3 spell: Mephitic Cloud
  1224 | D:1      | Reached skill level 5 in Spellcasting
  1775 | D:2      | Found Farghoetu's Armour Shop.
  1786 | D:2      | Found a faded altar of an unknown god.
  2043 | D:3      | Found a transporter.
  2151 | D:3      | Reached skill level 1 in Invocations
  2232 | D:3      | Reached skill level 1 in Fighting
  2232 | D:3      | Reached skill level 1 in Short Blades
  2232 | D:3      | Reached skill level 1 in Long Blades
  2232 | D:3      | Reached skill level 1 in Axes
  2232 | D:3      | Reached skill level 1 in Maces & Flails
  2232 | D:3      | Reached skill level 1 in Polearms
  2232 | D:3      | Reached skill level 1 in Staves
  2232 | D:3      | Reached skill level 1 in Slings
  2232 | D:3      | Reached skill level 1 in Bows
  2232 | D:3      | Reached skill level 1 in Crossbows
  2232 | D:3      | Reached skill level 1 in Throwing
  2232 | D:3      | Reached skill level 1 in Armour
  2232 | D:3      | Reached skill level 1 in Shields
  2232 | D:3      | Reached skill level 1 in Unarmed Combat
  2232 | D:3      | Reached skill level 1 in Evocations
  2232 | D:3      | Reached XP level 4. HP: 32/32 MP: 2/11
  2572 | D:3      | Found a transporter.
  2669 | D:3      | Reached skill level 1 in Conjurations
  2669 | D:3      | Reached skill level 1 in Hexes
  2669 | D:3      | Reached skill level 1 in Summonings
  2669 | D:3      | Reached skill level 1 in Necromancy
  2669 | D:3      | Reached skill level 1 in Translocations
  2669 | D:3      | Reached skill level 1 in Fire Magic
  2669 | D:3      | Reached skill level 1 in Ice Magic
  2669 | D:3      | Reached skill level 1 in Air Magic
  2669 | D:3      | Reached skill level 1 in Earth Magic
  2809 | D:3      | Reached XP level 5. HP: 34/37 MP: 7/12
  3174 | D:4      | Noticed Eustachio
  3210 | D:4      | Killed Eustachio
  3211 | D:4      | Reached XP level 6. HP: 29/44 MP: 4/14
  3327 | D:4      | Found Fasosch's Assorted Antiques.
  3338 | D:4      | Found a glowing drain.
  3360 | Sewer    | Entered a sewer
  3416 | Sewer    | Noticed Purgy
  3423 | Sewer    | Killed Purgy
  3424 | Sewer    | Reached skill level 5 in Dodging
  3713 | D:4      | Reached XP level 7. HP: 50/50 MP: 4/15
  3990 | D:4      | Found a hide-covered altar of Uskayaw.
  3991 | D:4      | Found a sparkling altar of Nemelex Xobeh.
  4011 | D:4      | Noticed Sigmund
  4025 | D:4      | Killed Sigmund
  4298 | D:4      | Reached skill level 5 in Stealth
  4763 | D:4      | Reached XP level 8. HP: 57/57 MP: 16/16
  4886 | D:5      | Entered Level 5 of the Dungeon
  5033 | D:5      | Learned a level 2 spell: Blink
  5534 | D:6      | Noticed Duvessa
  5534 | D:6      | Noticed Dowan
  5537 | D:6      | Killed Dowan
  5552 | D:5      | Slain by Duvessa

Illustrated notes

Levels and vault maps discovered:
D:1:      psy_arrival_radial02, layout_basic
D:2:      wad_pebble_path, layout_rooms, shapermc_ecumenical_altar_mp_highgroup,
          serial_shops, shop
D:3:      gammafunk_steamed_eel, layout_loops_ring, wad_floor_pattern_untrapped
D:4:      minmay_thinvault, layout_basic, jmf_multi_god_temple,
          portal_sewer_entry_f, serial_shops, nicolae_shop_window_shopping,
          corexii_hall_statues_i, uniq_sigmund, uniq_eustachio
D:5:      layout_rooms, minmay_misc_feat_more_columns
D:6:      layout_basic, mainiacjoe_overflow_alcove_1,
          minmay_temple_entry_large_hall, uniq_duvessa

Skill      XL: |  1  2  3  4  5  6  7  8 |
---------------+-------------------------+-----
Transmutations | 2 3 |  3.6
Spellcasting   | 5 6 |  6.1
Invocations    | 1 2 3 |  3.8
Fighting       | 1 2 3 |  3.4
Short Blades   | 1 2 3 |  3.4
Long Blades    | 1 2 3 |  3.4
Axes           | 1 2 3 |  3.4
Maces & Flails | 1 2 3 |  3.4
Polearms       | 1 2 3 |  3.4
Staves         | 1 2 3 |  3.4
Slings         | 1 2 3 |  3.4
Bows           | 1 2 3 |  3.4
Crossbows      | 1 2 3 |  3.4
Throwing       | 1 2 3 |  3.4
Armour         | 1 2 3 |  3.4
Shields        | 1 2 3 |  3.4
Unarmed Combat | 1 2 3 |  3.4
Evocations     | 1 2 3 |  3.4
Conjurations   | 1 2 |  2.8
Hexes          | 1 2 |  2.8
Summonings     | 1 2 |  2.8
Necromancy     | 1 2 |  2.8
Translocations | 1 2 |  2.8
Fire Magic     | 1 2 |  2.8
Ice Magic      | 1 2 |  2.8
Air Magic      | 1 2 |  2.8
Earth Magic    | 1 2 |  2.8
Dodging        | 5 |  5.8
Stealth        | 5 |  5.5
Poison Magic   | 6 |  6.2

Action                   |  1- 3 |  4- 6 |  7- 9 || total
-------------------------+-------+-------+-------++-------
Melee: Unarmed           |     4 |     5 |       ||     9
       Bite              |     1 |     2 |    11 ||    14
       Dagger            |    16 |    24 |    31 ||    71
       Broad axe         |       |     9 |    42 ||    51
       Falchion          |       |       |     9 ||     9
 Cast: Sting             |    44 |    35 |    27 ||   106
       Poisonous Vapours |    24 |    10 |    15 ||    49
       Mephitic Cloud    |       |     2 |     3 ||     5
  Use: Potion            |       |       |     1 ||     1
 Stab: Sleeping          |       |     9 |     8 ||    17
       Distracted        |       |     1 |       ||     1
       Confused          |       |       |     3 ||     3
Armor: Robe              |     1 |     8 |       ||     9
       Troll leather arm |       |       |    32 ||    32
Dodge: Dodged            |    20 |    29 |    51 ||   100
Block: Buckler           |       |    15 |    42 ||    57
       Rpst.: Falchion   |       |       |     1 ||     1
